 Dungeon Crawl Stone Soup version 0.18.1-5-g4a78601 (webtiles) character file.

196 TheHangedMan the Conjurer (level 5, -4/31 HPs)
             Began as a High Elf Wizard on May 11, 2016.
             Killed by divine providence
             ... invoked by an orc priest
              (12 damage)
             ... on level 3 of the Dungeon.
             The game lasted 00:11:18 (3940 turns).

TheHangedMan the Conjurer (High Elf Wizard)         Turns: 3940, Time: 00:11:19

Health: -4/31      AC:  4    Str:  6    XL:     5   Next: 45%
Magic:  0/11       EV: 12    Int: 23    God:
Gold:   91         SH:  0    Dex: 13    Spells: 5 memorised, 0 levels left

rFire  . . .     SeeInvis .     r - +0 spear (venom)
rCold  . . .     Gourm    .     a - +0 robe
rNeg   . . .     Faith    .     (no shield)
rPois  .         Spirit   .     s - +0 helmet
rElec  .         Dismiss  .     (no cloak)
rCorr  .         Reflect  .     (no gloves)
SustAt .         Harm     .     j - +0 pair of boots
MR     .....                    (no amulet)
Stlth  ++........               (no ring)
                                (no ring)

@: repel missiles, not resistant to hostile enchantments, unstealthy
A: no striking features
a: no special abilities


You were on level 3 of the Dungeon.
You were not hungry.

You visited 1 branch of the dungeon, and saw 3 of its levels.

You collected 91 gold pieces.

Inventory:

Hand Weapons
 r - a +0 spear of venom (weapon)
Missiles
 g - 12 tomahawks (quivered)
Armour
 a - a +0 robe (worn)
 j - a +0 pair of boots (worn)
 s - a +0 helmet (worn)
Scrolls
 h - 2 scrolls of enchant armour {unknown}
 l - a scroll of enchant weapon {unknown}
 m - 3 scrolls of identify {unknown}
 n - 4 scrolls of remove curse {unknown}
 o - a scroll of fear {unknown}
 p - a scroll of fog {unknown}
 v - a scroll of recharging {unknown}
Potions
 b - a potion of haste {unknown}
 e - 2 potions of curing {unknown}
 i - a potion of degeneration {unknown}
 k - a potion of flight {unknown}
 t - a potion of cure mutation {unknown}
Books
 c - a book of Minor Magic

   Spells                             Type                      Level
   a - Magic Dart                     Conjuration                  1
   b - Blink                          Translocation                2
   c - Call Imp                       Summoning                    2
   d - Repel Missiles                 Charms/Air                   2
   e - Slow                           Hexes                        2
   f - Conjure Flame                  Conjuration/Fire             3
   g - Mephitic Cloud                 Conjuration/Poison/Air       3
Comestibles
 d - 3 bread rations
 f - 2 beef jerkies
 q - 3 fruits
 w - a meat ration


   Skills:
 - Level 2.1 Dodging
 - Level 2.1 Stealth
 - Level 3.6 Spellcasting
 + Level 6.0 Conjurations
   Level 0.8 Summonings
 - Level 1.1 Translocations


You couldn't memorise any spells.
You knew the following spells:

 Your Spells              Type           Power        Failure   Level  Hunger
a - Magic Dart            Conj           ####         1%          1    None
b - Blink                 Tloc           N/A          12%         2    #......
c - Conjure Flame         Conj/Fire      ###.....     12%         3    ###....
d - Mephitic Cloud        Conj/Pois/Air  ##......     17%         3    ###....
e - Repel Missiles        Chrm/Air       #.....       21%         2    #......


Dungeon Overview and Level Annotations

Branches:
Dungeon (3/15)

Altars:
Ashenzari
Elyvilon


Message History

The orc priest is heavily wounded.
The orc priest looks braver for a moment.
The orc priest invokes the aid of Beogh against you.
Beogh smites you!
Attack whom?
Press: ? - help, Dir - move target cursor, f/p - orc priest
Aim: an orc priest, wearing a leather armour (heavily wounded)
You reach to attack!
You hit the orc priest but do no damage.
The orc priest is heavily wounded.
Attack whom?
Press: ? - help, Dir - move target cursor, f/p - orc priest
Aim: an orc priest, wearing a leather armour (heavily wounded)
You hit the orc priest but do no damage.
The orc priest is heavily wounded.
The orc priest hits you.
* * * LOW HITPOINT WARNING * * *
The orc priest calls down the wrath of Beogh upon you.
Beogh smites you!
You die...

.##########
##
...†).o.@.#
..
#########.#
#. #.# #.#
#.# #.# #.#
#.# #.#


You could see an orc priest.

Vanquished Creatures
  Natasha (D:2)
  Robin (D:2)
  3 gnolls (D:2)
  3 adders
  3 oozes
  5 worms
  3 dart slugs
  2 giant geckos (D:1)
  5 orcs (D:3)
  A giant cockroach (D:1)
  16 goblins
  4 hobgoblins
  2 jackals (D:2)
  A quokka (D:3)
  5 bats
  4 giant newts
  8 kobolds
  3 rats
70 creatures vanquished.

Notes
Turn   | Place    | Note
--------------------------------------------------------------
     0 | D:1      | TheHangedMan the High Elf Wizard began the quest for the Orb.
     0 | D:1      | Reached XP level 1. HP: 11/11 MP: 6/6
   143 | D:1      | Reached skill level 2 in Conjurations
   159 | D:1      | Reached XP level 2. HP: 7/17 MP: 0/7
   574 | D:1      | Reached skill level 3 in Conjurations
   665 | D:1      | Found a shattered altar of Ashenzari.
  1087 | D:1      | Reached XP level 3. HP: 21/21 MP: 5/9
  1091 | D:1      | Learned a level 2 spell: Blink
  1095 | D:1      | Learned a level 3 spell: Conjure Flame
  1099 | D:1      | Learned a level 3 spell: Mephitic Cloud
  1885 | D:2      | Noticed Robin
  2096 | D:2      | Found a white marble altar of Elyvilon.
  2103 | D:2      | Reached skill level 4 in Conjurations
  2231 | D:2      | Killed Robin
  2231 | D:2      | Reached XP level 4. HP: 10/27 MP: 0/10
  2682 | D:2      | Noticed Natasha
  2686 | D:2      | Killed Natasha
  2686 | D:2      | Reached skill level 5 in Conjurations
  3076 | D:2      | Reached XP level 5. HP: 31/31 MP: 7/11
  3083 | D:2      | Learned a level 2 spell: Repel Missiles
  3931 | D:3      | Reached skill level 6 in Conjurations
  3940 | D:3      | Killed from afar by an orc priest

Skill      XL: |  1  2  3  4  5 |
---------------+----------------+-----
Conjurations   | 2 3 4 5 6 |  6.0
Dodging        | |  2.1
Stealth        | |  2.1
Spellcasting   | |  3.6
Summonings     | |  0.8
Translocations | |  1.1

Action                   |  1- 3 |  4- 6 || total
-------------------------+-------+-------++-------
Melee: Short sword       |    15 |       ||    15
       Spear             |       |    14 ||    14
Throw: Tomahawk          |    19 |       ||    19
 Cast: Magic Dart        |   109 |    80 ||   189
       Mephitic Cloud    |     2 |       ||     2
       Conjure Flame     |     1 |       ||     1
       Repel Missiles    |       |     1 ||     1
 Stab: Sleeping          |       |     1 ||     1
  Eat: Chunk             |     4 |     5 ||     9
Armor: Robe              |     9 |     4 ||    13
Dodge: Dodged            |    19 |     9 ||    28
